 Dungeon Crawl Stone Soup version 0.29.1-2-gbd0b4ee654 (webtiles) character file.

Game seed: 12400082458498504108

231 warriortoast the Sneak (level 5, 0/24 HPs)
             Began as a Spriggan Enchanter on Nov 17, 2022.
             Slain by an orc
             ... wielding a +0 flail
              (10 damage)
             ... on level 4 of the Dungeon.
             The game lasted 00:09:20 (4441 turns).

warriortoast the Sneak (Spriggan Enchanter)         Turns: 4441, Time: 00:09:21

Health: 0/24       AC:  2    Str:  6    XL:     5   Next: 73%
Magic:  10/10      EV: 19    Int: 17    God:
Gold:   145        SH:  0    Dex: 15    Spells: 1/9 levels left

rFire   . . .      SeeInvis +   t - +2 dagger (venom)
rCold   . . .      Faith    .   (no shield)
rNeg    . . .      Spirit   .   b - +0 robe
rPois   .          Reflect  .   (helmet restricted)
rElec   .          Harm     .   (no cloak)
rCorr   .          Rampage  .   (gloves unavailable)
Will    .....                   (boots unavailable)
Stlth   +++.......              (no amulet)
HPRegen 0.08/turn               (no ring)
MPRegen 0.12/turn               (no ring)

@: very quick
A: very small, no large weapons, unfitting armour, see invisible, speed 3
a: no special abilities


You were on level 4 of the Dungeon.
You visited 1 branch of the dungeon, and saw 4 of its levels.

You collected 145 gold pieces.

Inventory:

Hand Weapons
 a - a +1 dagger
 t - a +2 dagger of venom (weapon)
Armour
 b - a +0 robe (worn)
Jewellery
 f - an amulet of the acrobat
Wands
 r - a wand of flame (15)
Scrolls
 e - a scroll of magic mapping {unknown}
 h - a scroll of amnesia {unknown}
 i - a scroll of noise {unknown}
 k - a scroll of enchant armour {unknown}
 l - 3 scrolls of fear {unknown}
 m - 3 scrolls of identify {unknown}
 n - 4 scrolls of teleportation {unknown}
 o - a scroll of poison {unknown}
 s - 2 scrolls of vulnerability {unknown}
Potions
 c - 2 potions of invisibility
 d - a potion of brilliance {unknown}
 g - 3 potions of berserk rage {unknown}
 j - 2 potions of flight {unknown}
 p - 2 potions of curing {unknown}
 q - 3 potions of lignification {unknown}


   Skills:
 + Level 3.6 Short Blades
 + Level 5.1 Dodging
 + Level 6.8 Stealth
 - Level 2.6 Spellcasting
 - Level 3.6 Hexes


You had one spell level left.
You knew the following spells:

 Your Spells              Type           Power      Damage    Failure   Level
a - Ensorcelled Hibernat  Hex/Ice        16%        N/A       13%         2
b - Confusing Touch       Hex            14%        N/A       12%         3
c - Tukima's Dance        Hex            14%        N/A       12%         3

Your spell library contained the following spells:

 Spells                   Type           Power      Damage    Failure   Level
 Sting                    Tmut/Pois      8%         1d3       19%         1
 Poisonous Vapours        Pois/Air       4%         N/A       26%         2
 Dazzling Flash           Conj/Hex       16%        N/A       26%         3
 Olgreb's Toxic Radiance  Pois           2%         N/A       87%         4
 Ozocubu's Refrigeration  Ice            1%         4d7       100%        7
 Ignition                 Fire           1%         3d3       100%        8


Dungeon Overview and Level Annotations

Branches:
Dungeon (4/15)
 Temple: D:4-7

Altars:
Vehumet


Innate Abilities, Weirdness & Mutations

You are very small and have problems with some larger weapons.
You are too small for most types of armour.
You have supernaturally acute eyesight. (SInv)
You cover ground extremely quickly. (Speed+++)


Message History

The kobold closely misses you.
You hit the kobold.
You kill the kobold!
No target in view!
HP restored.
Things that are here:
a +0 short sword; 2 stones
Found a scale mail.
s - 2 scrolls labelled NEHAOC SYHI (gained 1)
You see here a +0 scale mail.
Found a stone staircase leading down.
An orc comes into view. It is wielding a +0 club.
An orc comes into view. It is wielding a +0 whip.
An orc comes into view. It is wielding a +0 short sword.
An orc comes into view. It is wielding a +0 club.
An orc comes into view. It is wielding a +0 flail.
You catch the helpless orc completely off-guard!
You impale the orc!!
You kill the orc!
The orc shouts! x2
You see here a +0 whip.
The orc shouts! x2
You hit the orc.
The orc is poisoned.
The orc is moderately wounded.
The orc hits you with a +0 short sword.
You see here a +0 whip.
The orc barely misses you.
You hit the orc but do no damage.
The orc is poisoned.
You barely miss the orc. The orc hits you with a +0 club.
You hit the orc.
The orc looks as sick as possible!
The orc is heavily wounded.
You kill the orc!
The orc hits you with a +0 club.
You kill the orc!
You closely miss the orc. The orc closely misses you.
You barely miss the orc. The orc hits you with a +0 flail!
You are too injured to fight recklessly!
You are too injured to fight recklessly!
You closely miss the orc. The orc hits you with a +0 flail!
You die...

### ..# #.# #.# #.# #.#
#########
...####.######.......#######
#......)oo@...##...........
########.#########.##.#######
...## #.# #.##.....>.. .....
..# #######[########## #...
.... ........# #..# #####
######..# #..# #..# #..##
#..# ##<..## #..#


You could see 2 orcs.

Vanquished Creatures
  2 orc wizards (D:3)
  5 adders (D:3)
  5 gnolls
  A worm (D:2)
  A dart slug (D:1)
  10 orcs
  5 endoplasms
  4 giant cockroaches (D:1)
  8 goblins
  4 hobgoblins
  10 kobolds
  4 quokkas (D:1)
  4 ball pythons
  3 bats
  7 frilled lizards
  5 rats
78 creatures vanquished.

Vanquished Creatures (others)
  4 plants (D:3)
4 creatures vanquished.

Grand Total: 82 creatures vanquished

Notes
Turn   | Place    | Note
-------+----------+-------------------------------------------
     0 | D:1      | warriortoast the Spriggan Enchanter began the quest for the
                  | Orb.
     0 | D:1      | Reached XP level 1. HP: 9/9 MP: 5/5
   286 | D:1      | Reached XP level 2. HP: 13/13 MP: 6/6
   524 | D:1      | Reached skill level 5 in Stealth
  1132 | D:1      | Found a faded altar of an unknown god.
  1145 | D:1      | Reached XP level 3. HP: 16/16 MP: 8/8
  2447 | D:2      | Learned a level 2 spell: Ensorcelled Hibernation
  2458 | D:2      | Learned a level 3 spell: Confusing Touch
  3052 | D:3      | Reached XP level 4. HP: 21/21 MP: 9/9
  3124 | D:3      | Learned a level 3 spell: Tukima's Dance
  3245 | D:3      | Reached skill level 6 in Stealth
  3582 | D:3      | Reached XP level 5. HP: 24/24 MP: 3/10
  3584 | D:3      | Found a radiant altar of Vehumet.
  3891 | D:3      | Reached skill level 5 in Dodging
  4441 | D:4      | Slain by an orc

Illustrated notes

Levels and vault maps discovered:
D:1:      lemuel_arrival_behind_the_door_small, layout_rooms,
          basic_ecumenical_altar
D:2:      layout_rooms
D:3:      layout_basic, mainiacjoe_overflow_brackets, serial_glass,
          glass_columns_c, glass_columns_b, minmay_strange_pillars,
          due_unseen_surprise, item_on_display_a, lexackson_kobold_supper
D:4:      layout_loops_ring, gammafunk_ghost_cemetery, sigmund_army

Skill      XL: |  1  2  3  4  5 |
---------------+----------------+-----
Dodging        | 3 4 5 |  5.1
Stealth        | 5 6 |  6.8
Short Blades   | 2 3 |  3.6
Spellcasting   | |  2.6
Hexes          | |  3.6

Action                   |  1- 3 |  4- 6 || total
-------------------------+-------+-------++-------
Melee: Dagger            |   172 |    54 ||   226
Throw: Stone             |     4 |       ||     4
 Cast: Ensorcelled Hiber |     1 |    20 ||    21
Evoke: Wand              |       |     5 ||     5
 Stab: Sleeping          |     7 |    20 ||    27
       Distracted        |     1 |     1 ||     2
Armor: Robe              |    12 |     3 ||    15
Dodge: Dodged            |   108 |    25 ||   133
